AoeStats
← LIJKIE

Black Forest

508705788Analyzed
4v4 RM · 10d ago on Sep 23, 2026· 53m 48s· 8 players
Game mode
Random Map
Map size
Large (8 player)
Population
200
Speed
Normal
Resources
Standard
Victory
Conquest
Starting age
Dark Age
Ending age
Imperial Age
RankedLock teamsTeams togetherTeam positionsShared explorationLock speedFull tech treeHidden civsTurbo modeCheats
Victory
Defeat
🇹🇷 Italians · Türkiye
1172
+9
🇹🇷 Lithuanians · Türkiye
929
+19
🇹🇷 Hindustanis · Türkiye
922
+19
🇹🇷 Bohemians · Türkiye
905
+20
🇳🇱 Celts · Netherlands
1064
-19
🇳🇱 Persians · Netherlands
1034
-18
🇳🇱 Turks · Netherlands
1021
-18
🇳🇱 Huns · Netherlands
889
-12
Oguzhan06
4:56 Loom
5:56 Loom
12:25 Feudal Age
13:49 Horse Collar
13:58 Double-Bit Axe
22:52 Castle Age
24:58 Bow Saw
27:23 Wheelbarrow
27:24 Caravan
30:03 Heavy Plow
30:37 Hand Cart
30:08 Town Watch
34:47 Town Patrol
39:42 Imperial Age
37:39 Ballistics
38:20 Chemistry
38:14 Padded Archer Armor
38:05 Fletching
38:21 Scale Barding Armor
40:48 Leather Archer Armor
40:28 Bodkin Arrow
40:54 Chain Barding Armor
40:34 Scale Mail Armor
40:46 Forging
41:13 Elite Hussite Wagon
42:14 Conscription
42:00 Hussite Reforms
42:03 Wagenburg Tactics
43:19 Bombard Tower
43:33 Bracer
44:03 Ring Archer Armor
45:59 Two-Man Saw
46:14 Iron Casting
45:54 Chain Mail Armor
45:14 Houfnice
50:24 Plate Mail Armor
50:55 Blast Furnace
Cerrahpaşalı Metin
0:26 Loom
10:28 Feudal Age
11:11 Double-Bit Axe
11:17 Horse Collar
18:23 Castle Age
17:53 Fletching
22:27 Bow Saw
22:24 Heavy Plow
30:23 Imperial Age
28:13 Forging
28:11 Murder Holes
28:50 Ballistics
28:33 Padded Archer Armor
29:45 Caravan
30:22 Leather Archer Armor
30:03 Bodkin Arrow
30:43 Iron Casting
31:31 Conscription
32:14 Chemistry
33:48 Shatagni
35:35 Wheelbarrow
34:46 Town Watch
41:48 Scale Mail Armor
46:54 Elite Skirmisher
50:18 Ring Archer Armor
50:47 Bracer
Cerrahpaşalı Halit
1:19 Loom
12:31 Feudal Age
15:39 Horse Collar
23:36 Castle Age
22:11 Wheelbarrow
21:25 Double-Bit Axe
24:44 Heavy Plow
24:56 Bow Saw
30:27 Light Cavalry
31:17 Bloodlines
34:13 Imperial Age
31:56 Fortified Wall
33:19 Scale Barding Armor
33:25 Forging
33:28 Treadmill Crane
34:07 Husbandry
34:35 Chain Barding Armor
38:22 Two-Man Saw
36:53 Elite Leitis
38:32 Plate Barding Armor
38:32 Iron Casting
37:42 Winged Hussar
39:32 Masonry
40:27 Tower Shields
40:49 Conscription
41:18 Elite Leitis
45:52 Hand Cart
45:55 Caravan
zeron
0:26 Loom
12:13 Feudal Age
14:08 Double-Bit Axe
16:34 Castle Age
14:16 Horse Collar
14:29 Gold Mining
14:31 Stone Mining
17:28 Bow Saw
22:27 Heavy Plow
23:53 Wheelbarrow
23:03 Town Watch
29:29 Imperial Age
28:08 Fletching
28:19 Padded Archer Armor
29:03 Stone Shaft Mining
30:00 Bodkin Arrow
30:23 Leather Archer Armor
30:34 Ballistics
31:22 Chemistry
30:43 Ballistics
30:04 Elite Genoese Crossbowman
31:35 Conscription
32:31 Masonry
34:21 Silk Road
35:48 Bracer
36:18 Ring Archer Armor
35:54 Scale Barding Armor
36:00 Forging
36:56 Architecture
37:49 Two-Man Saw
37:24 Crop Rotation
37:31 Caravan
38:29 Hoardings
38:16 Conscription
40:31 Bombard Tower
40:58 Chain Barding Armor
41:16 Iron Casting
42:24 Onager
44:00 Plate Barding Armor
44:26 Blast Furnace
43:26 Scale Mail Armor
44:02 Hand Cart
43:48 Town Patrol
46:51 Bloodlines
46:41 Husbandry
46:03 Light Cavalry
47:02 Thumb Ring
46:54 Hussar
NewTrinity78
2:30 Loom
11:27 Feudal Age
12:02 Horse Collar
12:22 Double-Bit Axe
19:33 Castle Age
18:12 Scale Barding Armor
18:09 Scale Mail Armor
20:36 Forging
23:15 Husbandry
26:10 Coinage
25:52 Caravan
27:15 Chain Barding Armor
27:43 Heavy Plow
27:57 Bow Saw
31:17 Wheelbarrow
34:25 Imperial Age
32:57 Bloodlines
34:12 Iron Casting
34:45 Fletching
34:56 Padded Archer Armor
34:56 Cavalier
37:15 Two-Man Saw
37:30 Plate Barding Armor
37:56 Blast Furnace
39:12 Paladin
45:33 Chemistry
44:02 Light Cavalry
44:43 Capped Ram
45:42 Siege Ram
49:49 Hussar
niels.degraaf
7:26 Loom
14:17 Feudal Age
15:50 Double-Bit Axe
15:50 Horse Collar
18:25 Castle Age
19:14 Gold Mining
20:01 Bow Saw
21:46 Wheelbarrow
26:46 Imperial Age
29:42 Two-Man Saw
28:47 Heavy Plow
31:26 Wheelbarrow
38:49 Conscription
40:39 Padded Archer Armor
42:03 Artillery
44:22 Caravan
47:35 Fletching
51:01 Bodkin Arrow
51:22 Leather Archer Armor
52:34 Bracer
54:09 Ring Archer Armor
tiemen
0:41 Loom
11:28 Feudal Age
16:02 Castle Age
14:34 Horse Collar
14:42 Double-Bit Axe
16:03 Gold Mining
20:48 Wheelbarrow
28:02 Imperial Age
25:30 Stone Mining
26:36 Pikeman
29:57 Ballistics
31:40 Chemistry
31:12 Conscription
31:36 Heavy Scorpion
33:41 Halberdier
34:06 Onager
34:51 Caravan
39:40 Scale Mail Armor
39:51 Forging
40:55 Gold Shaft Mining
40:55 Stone Shaft Mining
43:25 Bow Saw
42:38 Siege Onager
43:43 Chain Mail Armor
44:04 Iron Casting
47:28 Blast Furnace
46:59 Plate Mail Armor
54:01 Murder Holes
LIJKIE
9:59 Loom
12:57 Feudal Age
19:50 Castle Age
18:50 Stone Mining
18:43 Horse Collar
18:51 Double-Bit Axe
20:49 Bow Saw
26:38 Fletching
28:35 Scale Barding Armor
29:29 Gold Mining
32:00 Caravan
33:20 Husbandry
33:44 Chain Barding Armor
33:35 Forging
35:03 Padded Archer Armor
36:59 Iron Casting
36:41 Leather Archer Armor
36:22 Bodkin Arrow
36:28 Scale Mail Armor
Connection lost

Rejoining the realm…

Still unreachable

The connection could not be restored.

Session expired

The server has moved on; the page needs a fresh start.